 Dungeon Crawl Stone Soup version 0.28.0-45-g0d030f2227 (webtiles) character file.

Game seed: 8376225655853489740

36143 Zeld the Destroyer (level 13, -5/108 HPs)
             Began as a Green Draconian Conjurer on Apr 18, 2022.
             Was an Elder of Vehumet.
             Slain by Snorg (9 damage)
             ... on level 4 of the Lair of Beasts.
             The game lasted 00:32:32 (29458 turns).

Zeld the Destroyer (Green Draconian Conjurer)      Turns: 29458, Time: 00:32:32

Health: -5/108     AC: 12    Str:  9    XL:     13   Next: 51%
Magic:  16/26      EV: 13    Int: 24    God:    Vehumet [****..]
Gold:   869        SH:  0    Dex: 10    Spells: 19/30 levels left

rFire   . . .      SeeInvis +   a - +7 Throatcutter {drain, coup de grace}
rCold   . . .      Faith    .   (no shield)
rNeg    . . .      Spirit   .   (armour unavailable)
rPois   +          Reflect  .   b - +1 hat
rElec   .          Harm     .   E - +0 cloak
rCorr   .          Rampage  .   e - +0 pair of gloves
Will    .....                   q - +0 pair of boots
Stlth   +++.......              (no amulet)
HPRegen 0.28/turn               g - ring of see invisible
MPRegen 0.20/turn               (no ring)

@: about to teleport
A: breathe noxious fumes, AC +8, unfitting armour, poison resistance,
cold-blooded
a: Breathe Noxious Fumes, Renounce Religion


You were on level 4 of the Lair of Beasts.
You worshipped Vehumet.
Vehumet was greatly pleased with you.
You visited 4 branches of the dungeon, and saw 19 of its levels.

You collected 869 gold pieces.

Inventory:

Hand Weapons
 a - the +7 Throatcutter (weapon) {drain, coup de grace}
   (You found it on level 9 of the Dungeon)

   A truly terrible weapon, it drains the life of any living foe it strikes.
   It may instantly kill foes which have little health.
Armour
 b - a +1 hat (worn)
 e - a +0 pair of gloves (worn)
 q - a +0 pair of boots (worn)
 E - a +0 cloak (worn)
Jewellery
 g - a ring of see invisible (left hand)
 K - a ring of protection from fire
Wands
 f - a wand of iceblast (10)
 h - a wand of polymorph (8)
 o - a wand of mindburst (9)
 s - a wand of acid (1)
 t - a wand of charming (2)
 y - a wand of flame (2)
 z - a wand of digging (25)
 H - a wand of paralysis (5)
Scrolls
 k - 4 scrolls of teleportation
 p - a scroll of amnesia
 r - 2 scrolls of summoning
 u - 3 scrolls of fear
 v - 2 scrolls of enchant armour
 B - 2 scrolls of fog {unknown}
 C - a scroll of brand weapon {unknown}
 F - a scroll of holy word {unknown}
 G - 2 scrolls of torment {unknown}
Potions
 c - 6 potions of haste {unknown}
 d - 4 potions of mutation {unknown}
 i - 2 potions of berserk rage {unknown}
 j - 6 potions of attraction {unknown}
 l - 2 potions of invisibility {unknown}
 m - 2 potions of degeneration {unknown}
 n - 4 potions of curing {unknown}
 w - a potion of resistance {unknown}
 x - a potion of flight {unknown}
 A - a potion of magic {unknown}
 D - a potion of brilliance {unknown}
 J - a potion of might {unknown}
Miscellaneous
 I - a box of beasts
 M - a condenser vane


   Skills:
 + Level 8.5 Fighting
 * Level 8.8 Long Blades
 + Level 6.4 Dodging
 + Level 6.5 Stealth
 + Level 9.2 Spellcasting
 * Level 12.5 Conjurations
 - Level 2.0 Hexes
 - Level 2.0 Translocations
 * Level 9.7 Evocations


You had 19 spell levels left.
You knew the following spells:

 Your Spells              Type           Power      Damage    Failure   Level
a - Magic Dart            Conj           100%       1d8       1%          1
b - Searing Ray           Conj           100%       2d8       1%          2
c - Fulminant Prism       Conj/Hex       23%        3d13      1%          4
d - Iskenderun's Mystic   Conj/Tloc      46%        2d10      1%          4

Your spell library contained the following spells:

 Spells                   Type           Power      Damage    Failure   Level
 Sticky Flame             Conj/Fire      41%        2d6       1%          4
 Freeze                   Ice            44%        1d6       1%          1
 Shock                    Conj/Air       100%       1d9       1%          1
 Dazzling Flash           Conj/Hex       92%        N/A       1%          3
 Blink                    Tloc           40%        N/A       3%          2
 Fireball                 Conj/Fire      20%        3d10      3%          5
 Frozen Ramparts          Ice            22%        1d4       4%          3
 Ignite Poison            Fire/Tmut/Pois 11%        N/A       4%          3
 Beastly Appendage        Tmut           22%        N/A       6%          1
 Summon Small Mammal      Summ           44%        N/A       6%          1
 Lesser Beckoning         Tloc           20%        N/A       8%          3
 Tukima's Dance           Hex            20%        N/A       8%          3
 Wereblood                Tmut           11%        N/A       9%          2
 Ozocubu's Armour         Ice            11%        N/A       17%         3
 Spider Form              Tmut/Pois      11%        N/A       17%         3
 Starburst                Conj/Fire      20%        6d7       17%         6
 Anguish                  Hex/Necr       7%         N/A       36%         4
 Ice Form                 Ice/Tmut       11%        N/A       50%         4
 Summon Ice Beast         Ice/Summ       11%        N/A       50%         4
 Manifold Assault         Tloc           20%        N/A       56%         5
 Metabolic Englaciation   Hex/Ice        7%         N/A       71%         5
 Simulacrum               Ice/Necr       5%         N/A       100%        6
 Enfeeble                 Hex            10%        N/A       100%        7
 Ignition                 Fire           5%         3d4       100%        8


Dungeon Overview and Level Annotations

Branches:
Dungeon (13/15)            Temple (1/1) D:6            Lair (4/6) D:8
 Spider (0/4) Lair:2          Orc (1/2) D:12
  Swamp: Lair:2-4    Shoals: Lair:2-4    Vaults: D:13-14

Altars:
Ashenzari
Cheibriados
Dithmenos
Elyvilon
Fedhas
Gozag
Hepliaklqana
Kikubaaqudgha
Makhleb
Nemelex Xobeh
Okawaru
Qazlal
Ru
Sif Muna
Trog
Uskayaw
Vehumet
Wu Jian
Xom
Yredelemnul
Zin
The Shining One

Shops:
D:5 *   D:6 :(

Annotations:
D:10 3 runed translucent doors, exclusion: obsidian statue, VictoriousLee's ghost, journeyman VSMo
D:11 exclusion: boulder beetle
D:12 1 runed translucent door, exclusion: orange crystal statue
Lair:4 Snorg


Innate Abilities, Weirdness & Mutations

You can breathe blasts of noxious fumes.
Your lurid green scales are hard. (AC +8)
You cannot fit into any form of body armour.
Your system is resistant to poisons. (rPois)
You are cold-blooded and may be slowed by cold attacks.


Message History

Confirm with . or Enter, or press ? or * to list all spells.
You erupt in a blast of force!
The mystic blast hits Snorg!
Snorg is lightly wounded.
Snorg is knocked back by the mystic blast.
You hear a trumpeting! x3; You hear a bellow! x2
Unknown command.
You see here a wyvern corpse.
Casting: Iskenderun's Mystic Blast (mildly dangerous; 1% risk of failure)
Confirm with . or Enter, or press ? or * to list all spells.
You erupt in a blast of force!
The mystic blast hits Snorg.
Snorg is lightly wounded.
You hear a trumpeting! x2; You hear a bellow!
An elephant comes into view.
Snorg goes berserk!
Casting: Iskenderun's Mystic Blast (mildly dangerous; 1% risk of failure)
Confirm with . or Enter, or press ? or * to list all spells.
Aiming: Searing Ray (safe; 1% risk of failure)
Press: ? - help, Shift-Dir - straight line, f - Snorg
Aim: Snorg (lightly wounded, berserk, 83% to hit)
The searing ray hits Snorg!
Snorg is lightly wounded. (Press . to maintain the ray.) Snorg bites you!!
Snorg claws you. x2
The searing ray hits Snorg!
Snorg is lightly wounded.
The searing ray hits the elephant.
The elephant is lightly wounded.
Snorg bites you but does no damage. Snorg claws you but does no damage.
Snorg claws you. Snorg bites you!! Snorg claws you! Snorg closely misses you.
You hear a trumpeting!
Unknown command.
As you read the scroll of teleportation, it crumbles to dust.
You feel strangely unstable. Snorg bites you!!
* * * LOW HITPOINT WARNING * * *
Snorg misses you. Snorg claws you but does no damage.
Okay, then.
Snorg bites you!
* * * LOW HITPOINT WARNING * * *
Snorg claws you!
You die...

## ....# ###......
Y.##...# #...###......
......## ....##......
#..... ............
##...# #.#.........
##....# ##.# #.......
#####?....###P.###.......
.......YT................
........@..[..)..........
#.#.#####.####.#..###.#.#
# #.## ####.# ##### ##
###


You could see Snorg (berserk) and an elephant.

Vanquished Creatures
  Gastronok (D:8)
  Fannar (Lair:3)
  Harold (D:8)
  4 hydras
  A rakshasa (D:12)
  A satyr (shapeshifter) (D:12)
  4 two-headed ogres
  Sonja (Lair:1)
  A fire crab (Lair:1)
  A necromancer (Lair:2)
  A manticore (D:11)
  A cyclops (D:12)
  An ugly thing (D:12)
  An elephant (D:8)
  3 black mambas
  A torpor snail (Lair:2)
  A gargoyle (D:11)
  9 cane toads
  An unseen horror (D:11)
  2 rime drakes
  5 komodo dragons
  A troll (Orc:1)
  3 polar bears
  Prince Ribbit (D:9)
  9 blink frogs
  A vampire (D:12)
  A shadow (D:12)
  A wraith (D:7)
  42 yaks
  6 wyverns
  2 steam dragons
  5 vampire mosquitoes (Lair:4)
  5 basilisks
  An acid dragon (D:10)
  6 water moccasins
  A hornet zombie (D:5)
  An ice beast (D:7)
  3 black bears
  5 orc warriors
  2 sky beasts
  A boggart (shapeshifter) (D:12)
  A necrophage (D:7)
  2 ogres
  3 centaurs
  2 phantoms
  2 kobold brigands
  10 bullfrogs
  6 scorpions
  2 wyvern skeletons (D:7)
  2 troll zombies (D:12)
  20 killer bees
  12 wights
  2 howler monkeys
  3 electric eels
  5 centaur zombies
  A bullfrog zombie (D:6)
  6 orc priests
  2 hounds
  An iguana (D:7)
  10 orc wizards
  4 polar bear simulacra (Lair:2)
  5 yak simulacra (Lair:2)
  6 ogre zombies (D:12)
  A hound skeleton (D:5)
  A howler monkey zombie (D:11)
  9 gnolls
  4 adders
  A shadow imp (D:6)
  2 white imps
  An ufetubus (D:5)
  An adder zombie (D:5)
  An adder skeleton (D:4)
  6 worms
  2 dart slugs
  40 orcs
  6 ball pythons
  3 endoplasms
  5 giant cockroaches
  8 hobgoblins
  2 jackals (D:5)
  19 kobolds
  3 quokkas
  2 bats
  4 frilled lizards
  15 goblins
  4 goblin zombies (D:12)
  4 hobgoblin zombies (D:12)
  2 orc skeletons (D:12)
  15 orc zombies (D:12)
  6 rats
  2 river rat simulacra (Lair:2)
415 creatures vanquished.

Vanquished Creatures (others)
  2 fulminant prisms (D:9)
  11 fungi
  19 plants
32 creatures vanquished.

Grand Total: 447 creatures vanquished

Notes
Turn   | Place    | Note
-------+----------+-------------------------------------------
     0 | D:1      | Zeld the Draconian Conjurer began the quest for the Orb.
     0 | D:1      | Reached XP level 1. HP: 14/14 MP: 3/3
   249 | D:1      | Found a faded altar of an unknown god.
   475 | D:1      | Reached XP level 2. HP: 20/20 MP: 1/5
   638 | D:2      | Learned a level 2 spell: Searing Ray
   989 | D:2      | Reached XP level 3. HP: 26/26 MP: 0/6
  1700 | D:3      | Reached XP level 4. HP: 30/33 MP: 1/7
  2248 | D:3      | Learned a level 4 spell: Fulminant Prism
  2345 | D:3      | Reached XP level 5. HP: 38/38 MP: 2/9
  3874 | D:4      | Noticed an ogre
  4078 | D:4      | Killed an ogre
  4079 | D:4      | Reached skill level 1 in Fighting
  4079 | D:4      | Reached skill level 5 in Conjurations
  4079 | D:4      | Reached skill level 1 in Hexes
  4079 | D:4      | Reached skill level 1 in Evocations
  4079 | D:4      | Reached XP level 6. HP: 30/47 MP: 2/10
  4084 | D:4      | Learned a level 4 spell: Iskenderun's Mystic Blast
  4407 | D:5      | Entered Level 5 of the Dungeon
  4412 | D:5      | Noticed a sky beast
  4449 | D:4      | Killed a sky beast
  4771 | D:5      | Reached skill level 1 in Translocations
  5153 | D:5      | Your scales start taking on a lurid green colour.
  5153 | D:5      | Reached XP level 7. HP: 31/55 MP: 6/12
  5153 | D:5      | Gained mutation: Your system is resistant to poisons.
                  | (rPois) [Green Draconian growth]
  5321 | D:5      | Found a bloodstained altar of Trog.
  5385 | D:5      | Found an opulent altar of Gozag.
  5391 | D:5      | Found Gozag's Platinum Reserve.
  5546 | D:5      | Found an iron altar of Okawaru.
  5984 | D:6      | Reached skill level 6 in Conjurations
  6119 | D:6      | Found Yxza's Book Boutique.
  6156 | D:6      | Found a sparkling altar of Nemelex Xobeh.
  6544 | D:6      | Found a staircase to the Ecumenical Temple.
  6657 | D:6      | Reached XP level 8. HP: 34/63 MP: 6/14
  6821 | D:6      | Found Ichenafi's Weapon Shop.
  7431 | D:7      | Reached skill level 7 in Conjurations
  8435 | D:7      | Reached skill level 5 in Spellcasting
  8660 | D:7      | Found an ornate altar of the Wu Jian Council.
  8671 | D:7      | Reached skill level 8 in Conjurations
  8671 | D:7      | Reached XP level 9. HP: 68/72 MP: 8/16
  9334 | D:8      | Found a staircase to the Lair.
  9334 | D:8      | Noticed an elephant
  9382 | D:8      | Reached skill level 5 in Fighting
  9783 | D:8      | Killed an elephant
  9784 | D:8      | Reached skill level 9 in Conjurations
  9784 | D:8      | Reached skill level 5 in Evocations
 10450 | D:8      | Noticed Gastronok
 10451 | D:8      | Noticed Harold
 10957 | Temple   | Entered the Ecumenical Temple
 11391 | D:8      | Killed Harold
 11392 | D:8      | Reached XP level 10. HP: 74/81 MP: 2/19
 11624 | D:8      | Found a radiant altar of Vehumet.
 11755 | D:8      | Became a worshipper of Vehumet
 11824 | D:8      | Killed Gastronok
 11825 | D:8      | Reached skill level 10 in Conjurations
 12602 | D:9      | Noticed Prince Ribbit
 12878 | D:9      | Killed Prince Ribbit
 12879 | D:9      | Reached skill level 11 in Conjurations
 13038 | D:9      | Noticed a centaur warrior
 13841 | D:9      | Found the +7 Throatcutter {drain, coup de grace}
 14055 | D:9      | Reached skill level 1 in Long Blades
 14174 | D:9      | Found a snail-covered altar of Cheibriados.
 14343 | D:9      | Found a white marble altar of Elyvilon.
 14582 | D:9      | Reached * piety under Vehumet
 14582 | D:9      | Offered knowledge of Freeze by Vehumet.
 14900 | D:10     | Entered Level 10 of the Dungeon
 14900 | D:10     | Noticed an obsidian statue
 14900 | D:10     | Noticed an orc knight
 14900 | D:10     | Noticed a frost giant
 14900 | D:10     | Found a runed translucent gate.
 14900 | D:10     | Found a runed translucent gate.
 14900 | D:10     | Found an opulent altar of Gozag.
 14900 | D:10     | Found a runed translucent gate.
 14901 | D:10     | Noticed an orc knight
 14901 | D:10     | Noticed VictoriousLee's ghost (journeyman VSMo)
 14902 | D:10     | Noticed a two-headed ogre
 14911 | D:10     | Killed a two-headed ogre
 15026 | D:10     | Found a shimmering blue altar of Sif Muna.
 15067 | D:10     | Got Sif Muna's Almanac of Creation
 15069 | D:10     | Got Sif Muna's Handbook of Battle Magic
 15072 | D:10     | Got Sif Muna's Handbook of Ice
 15490 | D:10     | Found a basalt altar of Yredelemnul.
 15493 | D:10     | Noticed a profane servitor
 15548 | D:10     | Found an ancient bone altar of Kikubaaqudgha.
 15575 | D:10     | Reached XP level 11. HP: 42/88 MP: 10/22
 16093 | D:10     | Found a glowing golden altar of the Shining One.
 16221 | D:10     | Noticed an angel
 16408 | D:11     | Noticed a two-headed ogre
 16423 | D:11     | Killed a two-headed ogre
 17502 | D:11     | Noticed a boulder beetle
 18055 | D:12     | Noticed a rakshasa
 18069 | D:12     | Killed a rakshasa
 18453 | D:12     | Found a staircase to the Orcish Mines.
 18466 | D:12     | Offered knowledge of Sandblast by Vehumet.
 18466 | D:12     | Reached ** piety under Vehumet
 18673 | D:12     | Noticed a mana viper
 18680 | D:12     | Noticed a fire crab
 18680 | D:12     | a mana viper changed into a fire crab
 18759 | D:12     | Noticed a broodmother
 18802 | D:12     | Offered knowledge of Stone Arrow by Vehumet.
 18803 | D:12     | Reached skill level 12 in Conjurations
 18879 | D:12     | Noticed an anaconda
 18890 | D:12     | Noticed a satyr
 18890 | D:12     | an anaconda changed into a satyr
 19021 | D:12     | Killed a satyr
 19162 | D:12     | Noticed a cyan ugly thing
 19165 | D:12     | Noticed an eight-headed hydra
 19165 | D:12     | Noticed a two-headed ogre
 19190 | D:12     | Killed a cyan ugly thing
 19201 | D:12     | HP: 2/91 [two-headed ogre/+0 giant club (5)]
 19206 | D:12     | Killed a two-headed ogre
 19207 | D:12     | Reached skill level 5 in Long Blades
 19207 | D:12     | Killed an eight-headed hydra
 19734 | D:12     | Found a runed translucent door.
 19737 | D:12     | Noticed an orange crystal statue
 19738 | D:12     | Found the +3 crown of Dyrovepreva {rElec Int+2 SInv}
 20357 | D:13     | Noticed a two-headed ogre
 20419 | Orc:1    | Entered Level 1 of the Orcish Mines
 20419 | Orc:1    | Noticed an orc knight
 20419 | Orc:1    | Noticed a two-headed ogre
 20424 | Orc:1    | Noticed an orc sorcerer
 20428 | Orc:1    | Noticed an orc knight
 20429 | Orc:1    | Reached XP level 12. HP: 83/97 MP: 16/24
 20438 | D:12     | Killed a two-headed ogre
 20439 | D:12     | Reached skill level 5 in Stealth
 20829 | Lair:1   | Entered Level 1 of the Lair of Beasts
 21624 | D:8      | Reached skill level 5 in Dodging
 21788 | Lair:1   | Noticed Sonja
 21965 | Lair:1   | Killed Sonja
 22545 | Lair:1   | Noticed a four-headed hydra
 22567 | Lair:1   | Killed a four-headed hydra
 23137 | Lair:1   | Identified the +1 robe "Oryl" {Rampage rF- Regen+}
 23772 | Lair:2   | Found a hole to the Spider Nest.
 23795 | Lair:2   | Reached *** piety under Vehumet
 24159 | Lair:2   | Noticed a four-headed hydra
 24169 | Lair:2   | Killed a four-headed hydra
 24252 | Lair:2   | Noticed a six-headed hydra
 24386 | Lair:2   | Killed a six-headed hydra
 25422 | Lair:3   | Reached XP level 13. HP: 58/107 MP: 16/25
 25608 | Lair:3   | Offered knowledge of Ignite Poison by Vehumet.
 26769 | Lair:3   | Noticed Fannar
 27398 | Lair:3   | Killed Fannar
 27398 | Lair:3   | Reached **** piety under Vehumet
 27537 | Lair:3   | Learned a level 3 spell: Ignite Poison
 27619 | Lair:3   | You fall into a shaft and drop 1 floor!
 27890 | Lair:4   | Offered knowledge of Sticky Flame by Vehumet.
 29447 | Lair:4   | Noticed Snorg
 29458 | Lair:4   | HP: 4/108 [Snorg (7)]
 29458 | Lair:4   | Slain by Snorg

Illustrated notes

Levels and vault maps discovered:
D:1:      mrwooster_arrival_statue, layout_rooms, basic_ecumenical_altar
D:2:      layout_rooms
D:3:      cheibrodos_greedy_goblins, layout_rooms, eino_tiny_chamber
D:4:      layout_gridville
D:5:      layout_cave_pools, nicolae_gozag_zags_fifth_avenue, bloody_trog,
          okawaru_altar_gauntlet_db
D:6:      layout_cave_pods, lemuel_round_altar, minmay_temple_entry_butterflies,
          serial_shops, nicolae_square_shop, kennysheep_little_box,
          minmay_door_square, hangedman_decor_lopped
D:7:      layout_basic, nzn_wu_jian_council_hall
D:8:      layout_loops_ring, lemuel_crystal_altar, david_lair_generic,
          uniq_harold, uniq_gastronok
D:9:      layout_small_grid, nicolae_overflow_squiral, minmay_splitting_lines,
          uniq_prince_ribbit1
D:10:     layout_loops_ring, grunt_temple_overflow_holy_war,
          nicolae_kikubaaqudgha_miasma_corner, nicolae_sif_muna_little_library,
          ebering_ghost_gozag
D:11:     layout_cave_pools, gauntlet_entry_generic
D:12:     layout_long_grid, zombieorc2_lemuel, minmay_crystal_box
D:13:     layout_cave_pools
Temple:   jpeg_temple_alley_garden
Lair:1:   layout_regular_city, hangedman_lair_generics_rect, uniq_sonja
Lair:2:   layout_chaotic_city, nicolae_spider_entry_non_spiders,
          eino_house_with_fridge, grunt_megastairs_4
Lair:3:   statuecave_lemuel, layout_regular_city, grunt_megastairs_5,
          uniq_fannar
Lair:4:   layout_regular_city, minmay_swamp_entry_swarm, uniq_snorg
Orc:1:    layout_diamond_mine, special_room [special_room_orc]

Skill      XL: |  1  2  3  4  5  6  7  8  9 10 11 12 13 |
---------------+----------------------------------------+-----
Stealth        | 2 3 4 6 |  6.5
Dodging        | 2 3 4 6 |  6.4
Spellcasting   | 3 4 5 6 7 8 9 |  9.2
Fighting       | 1 2 3 4 5 6 8 |  8.5
Conjurations   | 5 6 8 9 11 12 | 12.5
Hexes          | 1 2 |  2.0
Evocations     | 1 2 4 5 7 9 |  9.7
Translocations | 1 2 |  2.0
Long Blades    | 2 5 8 |  8.8

Action                   |  1- 3 |  4- 6 |  7- 9 | 10-12 | 13-15 || total
-------------------------+-------+-------+-------+-------+-------++-------
Melee: Unarmed           |    14 |    51 |    22 |     4 |       ||    91
       Tailslap          |     1 |     4 |     7 |    22 |    12 ||    46
       Long sword        |       |       |       |   136 |    65 ||   201
       Punch             |       |       |       |     1 |     1 ||     2
 Cast: Magic Dart        |    54 |   137 |    49 |    33 |     4 ||   277
       Searing Ray       |     6 |    10 |    66 |   101 |    30 ||   213
       Iskenderun's Myst |       |       |     7 |   116 |    63 ||   186
       Fulminant Prism   |       |       |       |     2 |       ||     2
 Abil: Breathe Noxious F |       |       |     2 |     2 |       ||     4
Evoke: Wand              |       |       |     4 |    12 |     5 ||    21
  Use: Scroll            |       |       |     4 |     6 |     5 ||    15
 Stab: Sleeping          |       |       |       |     3 |     3 ||     6
       Distracted        |       |       |       |       |     1 ||     1
Armor: Skin              |     8 |    34 |    69 |   155 |    72 ||   338
Dodge: Dodged            |    16 |    87 |   105 |   303 |   125 ||   636
